 Dungeon Crawl Stone Soup version 0.31-a0-750-gfe7b580527 (webtiles) character file.

Game seed: 4102080477587480357

36 cforsyth the Sneak (level 3, 0/31 HPs)
             Began as a Djinni Delver on Sept 14, 2023.
             Constricted to death by a ball python (1 damage)
             ... on level 4 of the Dungeon.
             The game lasted 00:01:07 (851 turns).

cforsyth the Sneak (Djinni Delver)                   Turns: 851, Time: 00:01:08

Health: 0/31       AC:  3    Str: 11    XL:     3   Next: 57%
Gold:   0          EV:  9    Int: 13    God:
                   SH:  0    Dex: 14

rFire   + + .        a - +0 falchion
rCold   x . .        (no shield)
rNeg    . . .        b - +0 leather armour
rPois   ∞            (no helmet)
rElec   .            (no cloak)
rCorr   .            (no gloves)
SInv    .            (boots unavailable)
Will    .....        (no amulet)
Stlth   ++           (no ring)
HPRegen 0.25/turn    (no ring)
MPRegen 0.00/turn

%: infuse magic (-1 HP)
@: flying, constricted
A: sickness immunity, fire resistance 2, cold vulnerability 1, float, innate
caster, HP casting, extra vitality 1
a: no special abilities


You were on level 4 of the Dungeon.
You visited 1 branch of the dungeon, and saw 3 of its levels.

Inventory:

Hand Weapons
 a - a +0 falchion (weapon)
Armour
 b - a +0 leather armour (worn)
Wands
 g - a wand of digging (3)
Scrolls
 c - a scroll of fog
 d - a scroll of revelation
 e - a scroll of fear
Potions
 f - a potion of haste


   Skills:
 + Level 3.7 Fighting
 - Level 1.7 Long Blades
 - Level 2.1 Dodging
 - Level 4.1 Stealth
 + Level 1.3 Spellcasting
 + Level 1.3 Conjurations
 + Level 1.3 Hexes
   Level 0.0 Charms
 + Level 1.3 Summonings
 + Level 1.3 Necromancy
 + Level 1.3 Translocations
 + Level 1.3 Transmutations
 + Level 1.3 Fire Magic
 + Level 1.3 Ice Magic
 + Level 1.3 Air Magic
 + Level 1.3 Earth Magic
 + Level 1.3 Poison Magic


You knew the following spells:

 Your Spells              Type           Power      Damage    Failure   Level
a - Summon Small Mammal   Summ           16%        N/A       22%         1
Your spell library was empty.

Dungeon Overview and Level Annotations

Branches:
Dungeon (5/15)
 Temple: D:4-7

Altars:


Innate Abilities, Weirdness & Mutations

You are immune to sickness and miasma.
You are immune to poison.
Your flesh is very heat resistant. (rF++)
You are vulnerable to cold. (rC-)
You float through the air rather than walking.
You learn spells naturally, not from books.
Your magical power is your life essence.
You have superior vitality. (+4 MHP)


Message History

The ball python constricts you. The ball python barely misses you.
The ball python constricts you.
You closely miss the ball python. The gnoll barely misses you.
The ball python bites you but does no damage.
The ball python constricts you.
The gnoll hits you from afar with a +0 spear!
An endoplasm comes into view.
The gnoll hits you from afar with a +0 spear.
You barely miss the ball python.
The ball python bites you but does no damage.
The ball python constricts you.
The gnoll hits you from afar with a +0 spear. x2
The ball python bites you but does no damage.
The ball python constricts you.
You are too injured to fight recklessly!
You are too injured to fight recklessly!
You are too injured to fight recklessly!
You escape the ball python's grasp.
The gnoll attacks as it pursues you!
The gnoll hits you from afar with a +0 spear.
* * * LOW HITPOINT WARNING * * *
There is a stone staircase leading down here.
The ball python closely misses you. The ball python grabs you.
You stop descending the stairs.
The ball python constricts you.
You escape the ball python's grasp.
The gnoll closely misses you. The ball python bites you.
* * * LOW HITPOINT WARNING * * *
The ball python closely misses you.
The gnoll hits you from afar with a +0 spear!
* * * LOW HITPOINT WARNING * * *
You fly downwards.
There is a stone staircase leading up here.
You hit the ball python.
The ball python is moderately wounded.
The ball python closely misses you. The ball python grabs you.
The ball python constricts you.
* * * LOW HITPOINT WARNING * * *
You barely miss the ball python.
The ball python is moderately wounded.
The ball python barely misses you. The ball python constricts you.
You die...

#.......... #########
##...........# #........
.............+ #........
.............# #........
##...........# #....>...
.............# #........
#.........S.# #........
#........@..# #>.......
#......)....# #........
#...........#####........
########+#..........#####
#..........# #..........#
#....(.....# #..........#
#..........#


You could see a ball python.

Vanquished Creatures
  3 gnolls
  A dart slug (D:4)
  A hobgoblin (D:4)
  A quokka (D:5)
  2 kobolds (D:4)
8 creatures vanquished.

Notes
Turn   | Place    | Note
-------+----------+-------------------------------------------
     0 | D:5      | cforsyth the Djinni Delver began the quest for the Orb.
     0 | D:5      | Reached XP level 1. HP: 20/20 MP: 0/0
    53 | D:5      | Reached XP level 2. HP: 4/25 MP: 0/0
   230 | D:5      | Noticed a black bear
   328 | D:4      | Reached skill level 1 in Spellcasting
   328 | D:4      | Reached skill level 1 in Conjurations
   328 | D:4      | Reached skill level 1 in Hexes
   328 | D:4      | Reached skill level 1 in Summonings
   328 | D:4      | Reached skill level 1 in Necromancy
   328 | D:4      | Reached skill level 1 in Translocations
   328 | D:4      | Reached skill level 1 in Transmutations
   328 | D:4      | Reached skill level 1 in Fire Magic
   328 | D:4      | Reached skill level 1 in Ice Magic
   328 | D:4      | Reached skill level 1 in Air Magic
   328 | D:4      | Reached skill level 1 in Earth Magic
   328 | D:4      | Reached skill level 1 in Poison Magic
   328 | D:4      | Reached XP level 3. HP: 4/30 MP: 0/0
   328 | D:4      | Learned a level 1 spell: Summon Small Mammal
   848 | D:3      | HP: 1/31 [gnoll/+0 spear (7)]
   851 | D:4      | Constricted to death by a ball python

Illustrated notes

Levels and vault maps discovered:
D:3:      layout_rooms, nicolae_hepliaklqana_monster_ancestors,
          lemuel_tele_altar, hellmonk_ecumenical_altar_lost_god,
          wander_ebering_terrifying_dragon_lair
D:4:      layout_gridville, marbit_many_paths, minmay_temple_entry_sparse_star,
          hangedman_abyss_or_decor_stagger
D:5:      layout_layer_cave, mainiacjoe_overflow_chevrons,
          makhleb_altar_promises_db

Skill      XL: |  1  2 |
---------------+-------+-----
Spellcasting   | 1 |  1.3
Conjurations   | 1 |  1.3
Hexes          | 1 |  1.3
Summonings     | 1 |  1.3
Necromancy     | 1 |  1.3
Translocations | 1 |  1.3
Transmutations | 1 |  1.3
Fire Magic     | 1 |  1.3
Ice Magic      | 1 |  1.3
Air Magic      | 1 |  1.3
Earth Magic    | 1 |  1.3
Poison Magic   | 1 |  1.3
Fighting       | |  3.7
Long Blades    | |  1.7
Dodging        | |  2.1
Stealth        | |  4.1

Action                     || total
---------------------------++-------
  Melee: Falchion          ||    40
         Punch             ||     1
   Stab: Sleeping          ||     1
 Armour: Leather armour    ||    39
  Dodge: Dodged            ||    38

Table legend: (Time is in decaauts)
 A = Elapsed time spent in this place.
 B = Non-inter-level travel time spent in this place.
 C = Inter-level travel time spent in this place.
 D = Time resting spent in this place.
 E = Time spent auto-exploring this place.
 F = Levels seen in this place.
 G = Mean time per level.
                   A        B        C        D        E       F      G
               +--------+--------+--------+--------+--------+-----+--------+
         Total |    860 |    833 |     27 |    465 |    198 |   3 |  286.7 |
       Dungeon |    860 |    833 |     27 |    465 |    198 |   3 |  286.7 |
               +--------+--------+--------+--------+--------+-----+--------+

Top non-repeatable levels by time:
     D:4: 537 daAuts
     D:5: 302 daAuts
     D:3: 20 daAuts
